 Dungeon Crawl Stone Soup version 0.27-b1-16-g6517624069 (webtiles) character file.

Game seed: 12547209403475977894

142 pikapanic the Chopper (level 5, -4/46 HPs)
             Began as a Minotaur Fighter on July 26, 2021.
             Slain by Sigmund (5 damage)
             ... on level 3 of the Dungeon.
             The game lasted 00:07:01 (2566 turns).

pikapanic the Chopper (Minotaur Fighter)            Turns: 2566, Time: 00:07:02

Health: -4/46      AC:  7    Str: 22    XL:     5   Next: 4%
Magic:  4/4        EV:  7    Int:  5    God:
Gold:   97         SH:  9    Dex:  9    Spells: 4/4 levels left

rFire    . . .     SeeInvis .   a - +0 war axe
rCold    . . .     Faith    +   c - +0 kite shield
rNeg     . . .     Spirit   .   b - +0 scale mail
rPois    .         Reflect  .   (helmet restricted)
rElec    .         Harm     .   (no cloak)
rCorr    .         Rampage  .   (no gloves)
Will     .....                  (no boots)
Stlth    ..........             e - amulet of faith
HPRegen  0.15/turn              (no ring)
MPRegen  0.09/turn              (no ring)

@: lethally poisoned (-4 -> -16)
A: horns 2, retaliatory headbutt
a: no special abilities


You were on level 3 of the Dungeon.
You visited 1 branch of the dungeon, and saw 3 of its levels.

You collected 97 gold pieces.

Inventory:

Hand Weapons
 a - a +0 war axe (weapon)
 g - a +2 falchion of freezing
Armour
 b - a +0 scale mail (worn)
 c - a +0 kite shield (worn)
 h - a +0 scale mail
Jewellery
 e - an amulet of faith (around neck)
Scrolls
 f - a scroll of identify
Potions
 d - a potion of might
 i - a potion of curing


   Skills:
 - Level 3.8 Fighting
 + Level 6.0 Axes
 - Level 3.8 Armour
 - Level 3.8 Shields


You had 4 spell levels left.
You didn't know any spells.
Your spell library contained the following spells:

 Spells                   Type           Power      Damage    Failure   Level
 Magic Dart               Conj           0%         1d3       99%         1
 Searing Ray              Conj           0%         3d3       100%        2
 Fulminant Prism          Conj/Hex       0%         3d6       100%        4


Dungeon Overview and Level Annotations

Branches:
Dungeon (3/15)

Altars:

Shops:
D:1 *[(   D:2 [

Annotations:
D:3 Sigmund


Innate Abilities, Weirdness & Mutations

You have a pair of horns on your head.
You reflexively headbutt those who attack you in melee.


Message History

There is a stone staircase leading down here.
You climb downwards.
There is a stone staircase leading up here.
A kobold comes into view. It is wielding a +0 whip.
Sigmund the Dreaded comes into view.
He is wielding a +2 scythe of venom.
The kobold hits you but does no damage.
Your shield and scale mail prevent you from hitting the kobold.
Your headbutt misses the kobold. You block the kobold's attack.
Sigmund barely misses you.
You miss the kobold. You headbutt the kobold.
The kobold is severely wounded.
You block the kobold's attack. Sigmund hits you but does no damage.
You hit the kobold.
You kill the kobold!
Sigmund hits you from afar with a +2 scythe of venom!
Sigmund casts a spell.
Sigmund flickers and vanishes!
Deactivating autopickup; reactivate with Ctrl-A.
Something hits you!
You are poisoned.
You see here a +0 whip.
You feel sick. You block something's attack.
You hit something.
You feel sick. Something hits you but does no damage.
You are more poisoned.
You slash something! Your headbutt misses something.
You feel very sick. Something hits you.
You are lethally poisoned!
You block something's attack.
You miss something.
* * * LOW HITPOINT WARNING * * *
You feel extremely sick.
You hear some strange, mumbled words.
A puff of flame appears from out of thin air!
The puff of flame hits you!
* * * LOW HITPOINT WARNING * * *
* * * LOW HITPOINT WARNING * * *
You feel very sick. Something hits you.
You die...

#..<..# ..#
#.##..##..#..
#. #.........
###.##.........
#.....#.##..#.#
........##.##.#
..........#..
.......)##.##
......{.@..#
........####
#........
#.#...###.
#.##.# .. #. .#
#. ###


There were no monsters in sight!

Vanquished Creatures
  Jessica (D:2)
  Terence (D:2)
  3 adders (D:2)
  A worm (D:2)
  2 dart slugs
  6 endoplasms
  3 giant cockroaches (D:1)
  5 goblins
  2 hobgoblins
  7 jackals (D:1)
  6 kobolds
  A quokka (D:2)
  5 ball pythons
  5 bats
  A frilled lizard (D:1)
  3 rats
52 creatures vanquished.

Notes
Turn   | Place    | Note
-------+----------+-------------------------------------------
     0 | D:1      | pikapanic the Minotaur Fighter began the quest for the Orb.
     0 | D:1      | Reached XP level 1. HP: 19/19 MP: 0/0
   209 | D:1      | Reached XP level 2. HP: 27/27 MP: 1/1
   248 | D:1      | Found Jiloa's Weapon Emporium.
   275 | D:1      | Found Suomocs's Antique Armour Shoppe.
   302 | D:1      | Reached skill level 3 in Axes
   337 | D:1      | Found Rirhuileg's General Store.
   637 | D:1      | Reached XP level 3. HP: 31/33 MP: 2/2
   757 | D:1      | Reached skill level 4 in Axes
  1635 | D:2      | Reached XP level 4. HP: 32/40 MP: 3/3
  1725 | D:2      | Reached skill level 5 in Axes
  1823 | D:2      | Found a faded altar of an unknown god.
  1847 | D:2      | Noticed Terence
  1853 | D:2      | Killed Terence
  1892 | D:2      | Noticed Jessica
  1901 | D:2      | Killed Jessica
  2020 | D:2      | Found Fodghir's Antique Armour Boutique.
  2108 | D:2      | Reached skill level 6 in Axes
  2108 | D:2      | Reached XP level 5. HP: 46/46 MP: 4/4
  2555 | D:3      | Noticed Sigmund
  2566 | D:3      | HP: 1/46 [poisoned by Sigmund]
  2566 | D:3      | Slain by Sigmund

Illustrated notes

Levels and vault maps discovered:
D:1:      amcnicky_arrival_flooded_fountain, layout_loops_cross, serial_shops,
          nicolae_shop_trees, shop, shop, serial_rivers,
          chequers_serial_rivers_small_3, chequers_serial_rivers_micro_c,
          chequers_serial_rivers_room_b, chequers_serial_rivers_small_3,
          chequers_serial_rivers_room_b, chequers_serial_rivers_small_a
D:2:      layout_basic, serial_shops, nicolae_shop_waterfront,
          shapermc_ecumenical_altar_totnotflames, uniq_crazy_yiuf_cottage,
          uniq_jessica, uniq_terence
D:3:      layout_loops_ring, lemuel_tele_altar, ebering_ghost_inner_flame,
          minmay_between, uniq_sigmund

Skill      XL: |  1  2  3  4 |
---------------+-------------+-----
Axes           | 3 4 6 |  6.0
Fighting       | |  3.8
Armour         | |  3.8
Shields        | |  3.8

Action                   |  1- 3 |  4- 6 || total
-------------------------+-------+-------++-------
Melee: War axe           |   102 |    34 ||   136
       Headbutt          |    12 |     2 ||    14
  Use: Scroll            |     2 |     1 ||     3
Armor: Scale mail        |    72 |    13 ||    85
Dodge: Dodged            |    42 |     8 ||    50
Block: Kite shield       |    70 |    17 ||    87
